 Dungeon Crawl Stone Soup version 0.19-b1-5-gdc9fa9d (webtiles) character file.

3829 dorian the Basher (level 10, -3/141 HPs)
             Began as an Ogre Hunter on Oct 31, 2016.
             Was a Follower of Trog.
             Slain by a killer bee (6 damage)
             ... on level 7 of the Dungeon.
             The game lasted 00:19:31 (6807 turns).

dorian the Basher (Ogre Hunter)                     Turns: 6807, Time: 00:19:31

Health: -3/141     AC: 25    Str: 21      XL:     10   Next: 17%
Magic:  9/9        EV:  1    Int:  9 (10) God:    Trog [*.....]
Gold:   352        SH:  0    Dex: 13      Spells: 0 memorised, 9 levels left

rFire  . . .     SeeInvis +     s - +0 morningstar
rCold  + . .     Gourm    .     (armour currently unavailable)
rNeg   + + +     Faith    .     (no shield)
rPois  +         Spirit   .     (helmet currently unavailable)
rElec  .         Reflect  .     (cloak currently unavailable)
rCorr  .         Harm     .     (gloves unavailable)
MR     +....     NoTele   +     (boots unavailable)
Stlth  ++........               h - amulet of regeneration
                                p - ring of see invisible
                                u - ring of protection from cold

@: tree-form
A: unfitting armour, (claws 0), thin skeletal structure 1, deterioration 1, low
mp 1, (tough skin 0), subdued magic 1
a: Berserk, Burn Spellbooks, Renounce Religion


You were on level 7 of the Dungeon.
You worshipped Trog.
Trog was aware of your devotion.
You were not hungry.
You were a tree.
You visited 2 branches of the dungeon, and saw 9 of its levels.

You collected 352 gold pieces.

Inventory:

Hand Weapons
 j - a +0 flail of holy wrath
 s - a +0 morningstar (weapon)
Missiles
 H - 3 large rocks (quivered)
 L - 7 javelins of penetration
Armour
 b - a +0 robe
 d - a +1 robe of positive energy (melded)
 r - a +1 cloak (melded)
Jewellery
 h - an amulet of regeneration (around neck)
 i - a cursed +3 amulet of reflection
 p - a ring of see invisible (right branch)
 u - a ring of protection from cold (left branch)
 w - a cursed ring of loudness {unknown}
 F - an uncursed amulet of harm {unknown}
Wands
 c - a wand of lightning (4/15)
 K - a wand of acid (11/15)
Scrolls
 e - 5 scrolls of teleportation
 m - 3 scrolls of identify
 o - 3 scrolls of enchant weapon
 q - 3 scrolls of remove curse
 y - 2 scrolls of fog {unknown}
 C - a scroll of immolation {unknown}
 D - a scroll of amnesia {unknown}
 E - 2 scrolls of recharging {unknown}
 I - 4 scrolls of noise {unknown}
Potions
 a - a potion of ambrosia {unknown}
 g - 3 potions of brilliance
 n - a potion of magic {unknown}
 t - a potion of cure mutation {unknown}
 x - a potion of flight {unknown}
 z - 2 potions of might {unknown}
 A - 2 potions of degeneration {unknown}
 B - 2 potions of heal wounds {unknown}
 J - a potion of resistance {unknown}
Books
 M - a book of Changes

   Spells                             Type                      Level
   a - Beastly Appendage              Transmutation                1
   b - Sticks to Snakes               Transmutation                2
   c - Spider Form                    Transmutation/Poison         3
   d - Ice Form                       Ice/Transmutation            4
   e - Blade Hands                    Transmutation                5
   Trog disapproves of the use of such an item.
 N - a book of Flames

   Spells                             Type                      Level
   a - Flame Tongue                   Conjuration/Fire             1
   b - Throw Flame                    Conjuration/Fire             2
   c - Conjure Flame                  Conjuration/Fire             3
   d - Inner Flame                    Hexes/Fire                   3
   e - Sticky Flame                   Conjuration/Fire             4
   f - Fireball                       Conjuration/Fire             5
   Trog disapproves of the use of such an item.
Comestibles
 f - 5 bread rations
 k - a fruit
 G - a meat ration
 O - 6 chunks of flesh


   Skills:
 - Level 4.9 Fighting
 + Level 12.0 Maces & Flails
 + Level 11.0 Throwing
 - Level 1.7 Dodging
 - Level 0.6 Stealth


You had 9 spell levels left.
You didn't know any spells.

Dungeon Overview and Level Annotations

Branches:
Dungeon (8/15)             Temple (1/1) D:6
   Lair: D:8-11

Altars:
Dithmenos
Elyvilon
Fedhas
Gozag
Kikubaaqudgha
Makhleb
Nemelex Xobeh
Okawaru
Ru
Sif Muna
Trog
Uskayaw
Vehumet
Xom
Yredelemnul
The Shining One

Annotations:
D:6 1 runed door


Innate Abilities, Weirdness & Mutations

You are too large for most types of armour.
((You have tough skin. (AC +1)))
((You have sharp fingernails.))
You have a somewhat thin skeletal structure. (Dex +2, Stealth)
Your body sometimes deteriorates upon taking damage.
Your magical capacity is low. (-10% MP)
Your spells are a little easier to cast, but a little less powerful.


Message History

* * * LOW HITPOINT WARNING * * *
The killer bee stings you!
* * * LOW HITPOINT WARNING * * *
The killer bee stings you.
* * * LOW HITPOINT WARNING * * *
The killer bee stings you.
* * * LOW HITPOINT WARNING * * *
The killer bee stings you.
* * * LOW HITPOINT WARNING * * *
Okay, then.
You turn into a tree.
Your +1 cloak melds into your body.
Your +1 robe of positive energy melds into your body.
You feel less protected from negative energy.
Your roots penetrate the ground.
The killer bee stings you.
* * * LOW HITPOINT WARNING * * *
The killer bee stings you but does no damage. x2
The killer bee stings you.
* * * LOW HITPOINT WARNING * * *
The killer bee stings you.
You die...

##########################......
#...........##.............#####
#.#########.##.########..#......
#.# #...........####........[
#.# #.##.##.###.......÷.....#
#.# #.##.##.# ######.........
#.# #.##.##.# #.......... #.#
##.#...#.### #...#...... #.#
#.#..#..y♣y#####...#..##.# #.#
##.#...###y..<.....#..#... #.#
####.####.###.#..##.....# #.#
#......# #....###.#.## #.#
######.###.##.# #.#..# #.#
#.....##.# #.#.)† #.# #.#.####.#
#..... #.### #.....##.# #####.
#...# #.#.#.##.# #####.


You could see 3 killer bees.

Vanquished Creatures
  The ghost of Cokeysmoke the Cleaver, a novice HOFi of Okawaru (D:8)
  A two-headed ogre (D:8)
  Menkaure (D:7)
  The ghost of no0bjke the Skirmisher, an amateur GrBe of Trog (D:6)
  A water moccasin (D:6)
  A sky beast (D:7)
  A necrophage (D:8)
  2 orc warriors
  A phantom (D:5)
  2 centaurs
  A big kobold (D:7)
  3 bullfrogs
  A wyvern zombie (D:7)
  2 scorpions (D:6)
  4 wights
  7 howler monkeys
  6 crimson imps
  A centaur zombie (D:6)
  A hound (D:7)
  3 bullfrog skeletons
  6 orc priests
  A gnoll shaman (D:4)
  6 orc wizards
  3 iguanas
  8 worker ants
  A hound skeleton (D:6)
  3 gnolls (D:4)
  5 adders
  2 shadow imps (D:5)
  An ooze (D:3)
  An adder zombie (D:6)
  An adder skeleton (D:6)
  3 worms
  3 leopard geckos
  22 orcs
  4 ball pythons
  8 giant cockroaches
  4 goblins
  5 hobgoblins
  2 jackals (D:5)
  3 quokkas
  4 bats
  A frilled lizard (D:1)
  9 kobolds
  2 quokka skeletons
  5 rats
154 creatures vanquished.

Notes
Turn   | Place    | Note
-------+----------+-------------------------------------------
     0 | D:1      | dorian the Ogre Hunter began the quest for the Orb.
     0 | D:1      | Reached XP level 1. HP: 22/22 MP: 1/1
   263 | D:1      | Reached XP level 2. HP: 27/31 MP: 2/2
   640 | D:2      | HP: 1/31 [worm (9)]
  1150 | D:2      | Reached XP level 3. HP: 34/37 MP: 3/3
  1476 | D:3      | Found a faded altar of an unknown god.
  1528 | D:3      | Reached XP level 4. HP: 43/48 MP: 4/4
  1633 | D:3      | Reached skill level 5 in Throwing
  1707 | D:3      | Reached XP level 5. HP: 41/55 MP: 5/5
  1800 | D:3      | Reached skill level 1 in Maces & Flails
  1902 | D:3      | Reached skill level 2 in Maces & Flails
  2225 | D:4      | Reached XP level 6. HP: 65/65 MP: 6/6
  2300 | D:4      | Reached skill level 3 in Maces & Flails
  2712 | D:4      | Reached skill level 4 in Maces & Flails
  2937 | D:5      | Entered Level 5 of the Dungeon
  3000 | D:5      | Reached XP level 7. HP: 71/71 MP: 7/7
  3024 | D:5      | HP: 3/71 [iguana (9)]
  3157 | D:5      | Reached skill level 5 in Maces & Flails
  3506 | D:5      | Reached skill level 6 in Maces & Flails
  3684 | D:6      | Found a white marble altar of Elyvilon.
  3785 | D:6      | Found an iron altar of Okawaru.
  3797 | D:6      | Reached XP level 8. HP: 57/79 MP: 8/8
  3823 | D:6      | Reached skill level 7 in Maces & Flails
  3932 | D:6      | Noticed no0bjke's ghost (amateur GrBe)
  4106 | D:6      | Found a runed door.
  4144 | D:6      | Found a runed door.
  4385 | D:6      | Killed no0bjke's ghost
  4385 | D:6      | Reached skill level 8 in Maces & Flails
  4717 | D:6      | Found a staircase to the Ecumenical Temple.
  4757 | Temple   | Entered the Ecumenical Temple
  4861 | Temple   | Became a worshipper of Trog the Wrathful
  5190 | D:6      | Reached XP level 9. HP: 71/87 MP: 9/9
  5195 | D:6      | Reached skill level 9 in Maces & Flails
  5560 | D:7      | Gained mutation: Your magical capacity is low. (-10% MP) [mutagenic meat]
  5562 | D:7      | Gained mutation: You have a somewhat thin skeletal structure. (Dex +2, Stealth) [mutagenic meat]
  5563 | D:7      | Gained mutation: You have sharp fingernails. [mutagenic meat]
  5564 | D:7      | Gained mutation: Your spells are a little easier to cast, but a little less powerful. [mutagenic meat]
  5566 | D:7      | Gained mutation: Your body sometimes deteriorates upon taking damage. [mutagenic meat]
  5846 | D:7      | Found an iron altar of Okawaru.
  5920 | D:7      | Found a sparkling altar of Nemelex Xobeh.
  5921 | D:7      | Noticed Menkaure
  5923 | D:7      | Killed Menkaure
  5923 | D:7      | Reached skill level 10 in Maces & Flails
  6063 | D:7      | Reached * piety under Trog
  6299 | D:8      | Noticed a two-headed ogre
  6301 | D:8      | Killed a two-headed ogre
  6301 | D:8      | Reached skill level 10 in Throwing
  6349 | D:8      | Noticed Cokeysmoke's ghost (novice HOFi)
  6398 | D:8      | Reached skill level 11 in Maces & Flails
  6419 | D:8      | Killed Cokeysmoke's ghost
  6419 | D:8      | Reached XP level 10. HP: 94/94 MP: 9/9
  6768 | D:8      | Reached skill level 12 in Maces & Flails
  6806 | D:7      | HP: 4/94 [killer bee (2)]
  6807 | D:7      | Slain by a killer bee

Skill      XL: |  1  2  3  4  5  6  7  8  9 10 |
---------------+-------------------------------+-----
Fighting       | 3 4 |  4.9
Throwing       | 5 6 7 9 10 11 | 11.0
Maces & Flails | 2 4 6 8 11 12 | 12.0
Dodging        | |  1.7
Stealth        | |  0.6

Action                   |  1- 3 |  4- 6 |  7- 9 | 10-12 || total
-------------------------+-------+-------+-------+-------++-------
Melee: Short sword       |   142 |    56 |       |       ||   198
       Flail             |       |    52 |   227 |       ||   279
       Morningstar       |       |       |   136 |     9 ||   145
Throw: Large rock        |     6 |    13 |    20 |       ||    39
       Throwing net      |       |     2 |     2 |       ||     4
       Tomahawk          |       |    29 |    55 |     6 ||    90
Invok: Berserk           |       |       |     1 |       ||     1
  Use: Scroll            |     5 |       |     2 |       ||     7
       Potion            |       |       |     4 |     2 ||     6
 Stab: Sleeping          |     2 |       |     1 |       ||     3
       Held in net/web   |       |       |     1 |       ||     1
  Eat: Chunk             |     2 |     5 |    12 |       ||    19
       Pizza             |       |       |     1 |       ||     1
       Meat ration       |       |       |     1 |       ||     1
       Fruit             |       |       |     1 |       ||     1
       Beef jerky        |       |       |     1 |       ||     1
Armor: Robe              |    35 |    26 |   113 |     1 ||   175
       Skin              |       |       |     7 |     2 ||     9
Dodge: Dodged            |    70 |    56 |   163 |    15 ||   304
